 Dungeon Crawl Stone Soup version 0.30-a0-802-gb92711bcdf (webtiles) character file.

Game seed: 5047491633187070182

219 bmack86 the Trooper (level 5, -1/47 HPs)
             Began as a Minotaur Fighter on Feb 23, 2023.
             Slain by a gnoll
             ... wielding a +0 flail
              (6 damage)
             ... on level 4 of the Dungeon.
             The game lasted 00:06:47 (1997 turns).

bmack86 the Trooper (Minotaur Fighter)              Turns: 1997, Time: 00:06:48

Health: -1/47      AC:  8    Str: 23    XL:     5   Next: 63%
Magic:  4/4        EV:  9    Int:  5    God:
Gold:   312        SH:  4    Dex:  9    Spells: 4/4 levels left

rFire   . . .      SeeInvis .    a - +1 war axe
rCold   . . .      Faith    .    c - +0 buckler
rNeg    . . .      Spirit   .    b - +0 scale mail
rPois   .          Reflect  .    (helmet restricted)
rElec   .          Harm     .    (no cloak)
rCorr   .          Rampage  .    q - +0 pair of gloves
Will    .....                    (no boots) Stlth
                                 (no amulet)
HPRegen 0.27/turn                (no ring)
MPRegen 0.09/turn                (no ring)

@: mighty
A: horns 2, retaliatory headbutt
a: no special abilities


You were on level 4 of the Dungeon.
You visited 1 branch of the dungeon, and saw 4 of its levels.

You collected 312 gold pieces.

Inventory:

Hand Weapons
 a - a +1 war axe (weapon)
Missiles
 m - 4 boomerangs (quivered)
Armour
 b - a +0 scale mail (worn)
 c - a +0 buckler (worn)
 q - a +0 pair of gloves (worn)
Jewellery
 p - an amulet of magic regeneration
Scrolls
 i - 3 scrolls of teleportation
 k - 2 scrolls of poison
 l - a scroll of enchant armour {unknown}
 o - a scroll of fog {unknown}
 r - a scroll of enchant weapon
 t - a scroll of noise
 u - a scroll of vulnerability {unknown}
 v - 2 scrolls of blinking {unknown}
 y - a scroll of magic mapping {unknown}
Potions
 f - a potion of mutation
 h - a potion of haste
 j - a potion of brilliance
 n - 2 potions of curing
 s - 3 potions of attraction
 w - a potion of lignification
 z - 2 potions of invisibility


   Skills:
 + Level 4.6 Fighting
 * Level 4.6 Axes
 + Level 1.8 Throwing
 + Level 4.5 Armour
 + Level 4.5 Shields


You had 4 spell levels left.
You didn't know any spells.
Your spell library contained the following spells:

 Spells                   Type           Power      Damage    Failure   Level
 Ozocubu's Armour         Ice            0%         N/A       99%         3
 Ozocubu's Refrigeration  Ice            0%         4d7       100%        7


Dungeon Overview and Level Annotations

Branches:
Dungeon (4/15)
 Temple: D:4-7

Altars:
Ashenzari
Fedhas
Ru


Innate Abilities, Weirdness & Mutations

You have a pair of horns on your head.
You reflexively headbutt those who attack you in melee.


Message History

The gnoll hits you from afar with a +1 halberd of freezing.
The gnoll freezes you.
The gnoll hits you with a +1 heavy flail!
The gnoll closely misses you.
You hit the gnoll. Your headbutt misses the gnoll.
The gnoll is heavily wounded.
You barely miss the orc. You barely miss the gnoll. You slash the orc!
You kill the orc!
The gnoll hits you with a +1 halberd of freezing.
The gnoll freezes you. The gnoll hits you but does no damage.
The orc hits you but does no damage.
You closely miss the gnoll.
The gnoll is heavily wounded.
You hit the orc. You barely miss the gnoll.
The orc priest miscasts a cantrip.
You block the gnoll's attack. The orc hits you with a +0 trident.
* * * LOW HITPOINT WARNING * * *
The orc hits you with a +0 trident.
* * * LOW HITPOINT WARNING * * *
You slash the gnoll!
You kill the gnoll!
You slash the orc!
You kill the orc!
You closely miss the gnoll. The gnoll barely misses you.
You furiously retaliate!
You headbutt the gnoll!
You kill the gnoll!
You barely miss the orc priest. The orc priest hits you with a +0 club.
* * * LOW HITPOINT WARNING * * *
You slash the orc priest! You headbutt the orc priest!
You kill the orc priest!
The gnoll hits you from afar with a +0 spear.
* * * LOW HITPOINT WARNING * * *
You slash the orc!
You kill the orc!
You hit the gnoll.
The gnoll hits you from afar with a +0 spear.
* * * LOW HITPOINT WARNING * * *
The gnoll hits you but does no damage. The gnoll completely misses you.
The gnoll hits you with a +0 flail.
You die...

##### ##$_.## #.8$8$#
#.$$g$# #$8)8.# #)@g### ##
##)##.### ##..###......#
#........#...#
..>...............#
...........[....## #..... #
..........##...## <..... .
#......(........##........#
#....#.###......#..........


You could see 2 gnolls.

Vanquished Creatures
  A hound (D:4)
  An orc priest (D:4)
  An orc wizard (D:4)
  3 adders
  2 gnolls (D:4)
  A shadow imp (D:4)
  A dart slug (D:1)
  7 orcs (D:4)
  8 bats
  5 endoplasms
  A giant cockroach (D:4)
  4 goblins
  8 hobgoblins
  4 jackals (D:2)
  5 quokkas
  8 ball pythons
  5 frilled lizards
  6 kobolds
  2 rats
73 creatures vanquished.

Vanquished Creatures (others)
  7 plants (D:1)
7 creatures vanquished.

Grand Total: 80 creatures vanquished

Notes
Turn   | Place    | Note
-------+----------+-------------------------------------------
     0 | D:1      | bmack86 the Minotaur Fighter began the quest for the Orb.
     0 | D:1      | Reached XP level 1. HP: 19/19 MP: 0/0
    66 | D:1      | Reached XP level 2. HP: 27/27 MP: 1/1
   456 | D:1      | Reached XP level 3. HP: 30/33 MP: 2/2
   604 | D:2      | Found a broken altar of Ashenzari.
   961 | D:2      | Reached XP level 4. HP: 40/40 MP: 3/3
  1301 | D:3      | Reached skill level 1 in Throwing
  1465 | D:3      | Found a sacrificial altar of Ru.
  1515 | D:3      | Found a blossoming altar of Fedhas.
  1925 | D:4      | Reached XP level 5. HP: 45/47 MP: 4/4
  1997 | D:4      | Slain by a gnoll

Illustrated notes

Levels and vault maps discovered:
D:1:      spicycebolla_arrival_ecumenical, layout_basic, serial_bayou,
          serial_bayou_pond_b, serial_bayou_pond_a, serial_bayou_crossing,
          serial_bayou_lake_a
D:2:      cheibrodos_helix_gallery, layout_loops_ring, basic_altar
D:3:      layout_rooms, lemuel_tele_altar, amcnicky_altar_gilded
D:4:      layout_cave_pools, serial_shops, nicolae_square_shop,
          kennysheep_orc_chapel

Skill      XL: |  1  2  3  4 |
---------------+-------------+-----
Axes           | 3 4 |  4.6
Fighting       | 4 |  4.6
Armour         | 4 |  4.5
Shields        | 4 |  4.5
Throwing       | 1 |  1.8

Action                     |  1- 3 |  4- 6 || total
---------------------------+-------+-------++-------
  Melee: War axe           |    85 |    51 ||   136
         Headbutt          |     8 |     4 ||    12
    Use: Scroll            |     5 |     9 ||    14
         Potion            |       |     1 ||     1
 Armour: Scale mail        |    62 |    25 ||    87
  Dodge: Dodged            |    54 |    34 ||    88
  Block: Buckler           |    17 |    11 ||    28

Table legend: (Time is in decaauts)
 A = Elapsed time spent in this place.
 B = Non-inter-level travel time spent in this place.
 C = Inter-level travel time spent in this place.
 D = Time resting spent in this place.
 E = Time spent auto-exploring this place.
 F = Levels seen in this place.
 G = Mean time per level.
                   A        B        C        D        E       F      G
               +--------+--------+--------+--------+--------+-----+--------+
         Total |   2097 |   2053 |     44 |      0 |   1059 |   4 |  524.2 |
       Dungeon |   2097 |   2053 |     44 |      0 |   1059 |   4 |  524.2 |
               +--------+--------+--------+--------+--------+-----+--------+

Top non-repeatable levels by time:
     D:2: 681 daAuts
     D:1: 639 daAuts
     D:3: 495 daAuts
     D:4: 281 daAuts
